 Dungeon Crawl Stone Soup version 0.28.0-53-g5a82cb258f (webtiles) character file.

Game seed: 5811060035618702872

79710 Woods the Martial Artist (level 15, 0/158 HPs)
             Began as a Gnoll Transmuter on June 8, 2022.
             Was an Elder of Ashenzari.
             Slain by a titanic slime creature (63 damage)
             ... on level 12 of the Dungeon.
             The game lasted 01:23:48 (25360 turns).

Woods the Martial Artist (Gnoll Transmuter)        Turns: 25360, Time: 01:23:48

Health: 0/158      AC: 29    Str:  9    XL:     15   Next: 64%
Magic:  13/32      EV: 20    Int: 24    God:    Ashenzari [****..]
Gold:   858        SH:  5    Dex: 18    Spells: 2/40 levels left

rFire   . . .      SeeInvis +     - Unarmed
rCold   . . .      Faith    .   (no shield)
rNeg    + . .      Spirit   .   (armour currently unavailable)
rPois   ∞          Reflect  +   D - +0 hat of the Shackled Anxiety {Cun, Self} (curse)
rElec   +          Harm     .   Y - +0 cloak
rCorr   +          Rampage  .   (gloves currently unavailable)
Will    +....      Clarity  +   (boots currently unavailable)
Stlth   +++++.....              X - amulet "Mutualism of Ashenzari" {Reflect SH+5, Elem, Bglg} (curse)
HPRegen 0.36/turn               J - ring of Supernal Understanding {rCorr Int+5 Dex+4, Comp, Elem} (curse)
MPRegen 0.23/turn               r - ring of Supernal Gnosis {Wiz, Alch, Elem} (curse)

@: statue-form, very slow
A: slow and powerful, torment resistance 1, boosted hp, fangs 1, strong nose,
distributed training
a: End Transformation, Renounce Religion, Shatter the Chains


You were on level 12 of the Dungeon.
You worshipped Ashenzari.
Ashenzari was greatly pleased with you.
You were a living statue of rough stone.
You visited 4 branches of the dungeon, and saw 22 of its levels.
You also visited: Ossuary.

You collected 2113 gold pieces.
You spent 1255 gold pieces at shops.

Inventory:

Missiles
 T - 3 throwing nets
Armour
 e - the cursed +0 pair of gloves of the Mantic Ordeal (melded) {Elem, Alch}
   (You found it on level 1 of the Dungeon)

   It has a curse which improves the following skills: Elements: Fire Magic, Ice
   Magic, Air Magic and Earth Magic.
   Alchemy:   Poison Magic and Transmutations.
 o - an orb of wrath
 x - the cursed +0 steam dragon scales "Doubts of Ashenzari" (melded) {Alch, Melee}
   (You found it on level 6 of the Dungeon)

   It has a curse which improves the following skills: Alchemy: Poison Magic and
   Transmutations.
   Melee Combat: Short Blades, Long Blades, Axes, Maces & Flails, Polearms,
   Staves and Unarmed Combat.
 D - the cursed +0 hat of the Shackled Anxiety (worn) {Cun, Self}
   (You found it on level 6 of the Dungeon)

   It has a curse which improves the following skills: Cunning: Dodging and
   Stealth.
   Introspection: Fighting and Spellcasting.
 F - a +0 troll leather armour
 K - +0 acid dragon scales
 V - +0 fire dragon scales
 Y - a +0 cloak (worn)
Jewellery
 j - a ring of protection from fire
 n - the ring of Foolhardiness {*Slow rC+ Will+ Int+5}
   (You found it on level 4 of the Dungeon)

   [ring of willpower]

   Int:       It affects your intelligence (+5).
   rC:        It protects you from cold.
   *Slow:     It may slow you when you take damage.
   Will:      It increases your willpower.
 r - the cursed ring of Supernal Gnosis (right fist) {Wiz, Alch, Elem}
   (You found it on level 5 of the Dungeon)

   [ring of wizardry]

   It improves your spell success rate.
   It has a curse which improves the following skills: Alchemy: Poison Magic and
   Transmutations.
   Elements:  Fire Magic, Ice Magic, Air Magic and Earth Magic.
 y - an amulet of magic regeneration
 C - a ring of protection from cold
 J - the cursed ring of Supernal Understanding (left fist) {rCorr Int+5 Dex+4, Comp, Elem}
   (You acquired it on level 10 of the Dungeon)

   [ring of resist corrosion]

   Int:       It affects your intelligence (+5).
   Dex:       It affects your dexterity (+4).
   rCorr:     It protects you from acid and corrosion.
   It has a curse which improves the following skills: Companions: Summonings
   and Necromancy.
   Elements:  Fire Magic, Ice Magic, Air Magic and Earth Magic.
 P - a +4 ring of evasion
 U - a ring of fire
 X - the cursed amulet "Mutualism of Ashenzari" (around neck) {Reflect SH+5, Elem, Bglg}
   (You found it on level 1 of the Orcish Mines)

   [amulet of reflection]

   It reflects blocked missile attacks.
   SH:        It affects your SH (+5).
   It has a curse which improves the following skills: Elements: Fire Magic, Ice
   Magic, Air Magic and Earth Magic.
   Beguiling: Conjurations, Hexes and Translocations.
Wands
 a - a wand of mindburst (5)
 f - a wand of iceblast (26)
 G - a wand of acid (6)
 I - a wand of flame (8)
 L - a wand of charming (4)
 S - a wand of polymorph (10)
Scrolls
 b - 4 scrolls of amnesia
 d - 3 scrolls of fog
 g - 2 scrolls of vulnerability
 h - 2 scrolls of blinking
 l - 5 scrolls of magic mapping
 m - 13 scrolls of teleportation
 u - 3 scrolls of enchant armour
 w - a scroll of torment
 B - 5 scrolls of enchant weapon
 O - a scroll of silence
 Q - 2 scrolls of fear
 W - a scroll of holy word
Potions
 c - 6 potions of heal wounds
 i - 12 potions of curing
 k - 5 potions of invisibility
 q - 4 potions of flight
 s - 5 potions of brilliance
 t - 5 potions of haste
 v - 4 potions of resistance
 z - 3 potions of magic
 A - 6 potions of mutation
 E - 3 potions of lignification
 H - 8 potions of ambrosia
 N - a potion of might
 R - 4 potions of cancellation
Miscellaneous
 p - a condenser vane
 M - a box of beasts


   Skills:
 + Level 10.7(12.6) Fighting
 + Level 10.3 Short Blades
 + Level 10.3 Long Blades
 + Level 10.3 Axes
 + Level 10.3 Maces & Flails
 + Level 10.3 Polearms
 + Level 10.3 Staves
 + Level 10.3 Slings
 + Level 10.3 Bows
 + Level 10.3 Crossbows
 + Level 10.3 Throwing
 + Level 10.3 Armour
 + Level 11.3(13.2) Dodging
 + Level 10.3(12.3) Stealth
 + Level 10.3 Shields
 + Level 12.2 Unarmed Combat
 + Level 11.5(13.4) Spellcasting
 + Level 8.7(10.7) Conjurations
 + Level 8.7(10.7) Hexes
 + Level 8.7(10.7) Summonings
 + Level 8.7(10.7) Necromancy
 + Level 8.7(10.7) Translocations
 + Level 9.5(11.5) Transmutations
 + Level 8.7(12.6) Fire Magic
 + Level 8.7(12.6) Ice Magic
 + Level 8.7(12.6) Air Magic
 + Level 8.7(12.6) Earth Magic
 + Level 8.7(10.7) Poison Magic
 + Level 11.2 Invocations
 + Level 10.3 Evocations


You had 2 spell levels left.
You knew the following spells:

 Your Spells              Type           Power      Damage    Failure   Level
a - Statue Form           Tmut/Erth      43%        N/A       1%          6
b - Wereblood             Tmut           64%        N/A       1%          2
c - Spider Form           Tmut/Pois      62%        N/A       1%          3
d - Vampiric Draining     Necr           61%        2d10      1%          3
e - Ice Form              Ice/Tmut       65%        N/A       1%          4
f - Apportation           Tloc           100%       N/A       1%          1
g - Blade Hands           Tmut           32%        N/A       1%          5
h - Iron Shot             Conj/Erth      32%        9d7       1%          6
i - Summon Cactus Giant   Summ           30%        N/A       2%          6
j - Passwall              Tmut/Erth      54%        N/A       1%          2

Your spell library contained the following spells:

 Spells                   Type           Power      Damage    Failure   Level
 Freeze                   Ice            100%       1d11      0%          1
 Animate Skeleton         Necr           100%       N/A       1%          1
 Beastly Appendage        Tmut           100%       N/A       1%          1
 Pain                     Necr           100%       1d9       1%          1
 Summon Small Mammal      Summ           100%       N/A       1%          1
 Ensorcelled Hibernation  Hex/Ice        100%       N/A       1%          2
 Scorch                   Fire           100%       2d10      1%          2
 Conjure Flame            Conj/Fire      64%        6-21      1%          3
 Frozen Ramparts          Ice            100%       1d12      1%          3
 Gell's Gravitas          Tloc           61%        N/A       1%          3
 Ignite Poison            Fire/Tmut/Pois 64%        N/A       1%          3
 Lesser Beckoning         Tloc           61%        N/A       1%          3
 Swiftness                Air            67%        N/A       1%          3
 Teleport Other           Tloc           61%        N/A       1%          3
 Animate Armour           Summ/Erth      100%       N/A       1%          4
 Hailstorm                Conj/Ice       64%        3d14      1%          4
 Leda's Liquefaction      Hex/Erth       32%        N/A       1%          4
 Petrify                  Tmut/Erth      65%        N/A       1%          4
 Sticky Flame             Conj/Fire      64%        2d8       1%          4
 Agony                    Necr           61%        N/A       1%          5
 Excruciating Wounds      Necr           30%        N/A       1%          5
 Lee's Rapid Deconstruct  Erth           33%        3d18*     1%          5
 Metabolic Englaciation   Hex/Ice        32%        N/A       1%          5
 Summon Forest            Summ/Tloc      30%        N/A       1%          5
 Summon Mana Viper        Hex/Summ       61%        N/A       1%          5
 Eringya's Noxious Bog    Tmut/Pois      31%        N/A       2%          6
 Summon Hydra             Summ           30%        N/A       16%         7


Dungeon Overview and Level Annotations

Branches:
Dungeon (13/15)            Temple (1/1) D:5            Lair (6/6) D:9
 Shoals (0/4) Lair:4        Snake (0/4) Lair:3        Slime (0/5) Lair:5
    Orc (2/2) D:9             Elf (0/3) Orc:2       Ossuary (visited)
 Vaults: D:13-14

Altars:
Ashenzari
Cheibriados
Dithmenos
Elyvilon
Fedhas
Gozag
Hepliaklqana
Kikubaaqudgha
Makhleb
Nemelex Xobeh
Okawaru
Qazlal
Ru
Sif Muna
Trog
Uskayaw
Vehumet
Wu Jian
Xom
Yredelemnul
Zin
The Shining One
Beogh
Jiyva

Shops:
D:7 (   D:11 **:[   D:12 ?[   Orc:2 (=!(

Annotations:
D:5 2 runed translucent doors, valliere's ghost, amateur HOFi
D:8 Joseph
Orc:2 2 transporters, crimpus's ghost, journeyman MiFi


Innate Abilities, Weirdness & Mutations

You are a living statue of rough stone.
Your actions are slow, but your melee attacks are powerful.
You are resistant to unholy torment.
Your maximum health is greatly increased.
You are immune to poison.
Your equipment is partially melded.
You have very sharp teeth.
Your uncanny sense of smell can sniff out nearby items.
Your experience applies equally to all skills.


Message History

18 arrows; a +0 shortbow An enormous slime creature splits.
You hit the slime creature.
The slime creature is lightly wounded.
The slime creature misses you.
Two slime creatures merge to form a very large slime creature.
The slime creature barely misses you.
Two slime creatures merge to form a titanic slime creature.
You pummel the slime creature!!
You bite the slime creature, but do no damage.
The slime creature is heavily wounded.
The slime creature closely misses you.
Unknown command.
You block the slime creature's attack. The titanic slime creature hits you!!!
A titanic slime creature splits.
The slime creature hits you but does no damage.
You pummel the slime creature!!
The slime creature is almost dead.
A very large slime creature splits.
The slime creature hits you but does no damage.
You punch the slime creature!
You kill the slime creature!
The large slime creature hits you!
You pummel the large slime creature!!
The large slime creature is heavily wounded.
The slime creature hits you but does no damage.
Two slime creatures merge to form an enormous slime creature.
The slime creature misses you.
An enormous slime creature splits.
You block the large slime creature's attack.
The large slime creature hits you!!
A large slime creature splits.
The slime creature completely misses you.
The large slime creature misses you.
Two slime creatures merge to form a very large slime creature.
The slime creature hits you.
Two slime creatures merge to form a large slime creature.
Two slime creatures merge to form a titanic slime creature.
The titanic slime creature hits you!!!
You die...

##.##.>...8...>.####(..........
##.##...#...#...##.............
##.#######.#######.............
##....................#########
##........⌠........#..#
##.................#..#
##.#######.#########..#########
##.##...#...#.[.##.............
##.##.<...8..J8.##.............
##.##.[.#...#...##.............
##.#######.############.#######
##.## ##...# ##.####### ##.##
#.<.# ##.## ##.## #...# ##.##
##.## ##### ##.## ##.## ##.##
##.####################.##


You could see a titanic slime creature.

Vanquished Creatures
  An ettin (Orc:2)
  A boulder beetle (D:8)
  8 hydras
  4 ogre magi
  A catoblepas (Lair:6)
  3 centaur warriors
  A tengu warrior (D:9)
  24 two-headed ogres
  Nergalle (Lair:3)
  An orc knight (Orc:2)
  An orc sorcerer (Orc:1)
  2 ugly things
  3 cyclopes
  3 manticores
  Maurice (D:12)
  4 elephants (Lair:6)
  3 black mambas
  A torpor snail (Lair:4)
  13 cane toads
  6 komodo dragons
  An unseen horror (D:11)
  2 rime drakes (Lair:5)
  An efreet (D:9)
  4 kobold demonologists
  5 yaktaurs (D:13)
  5 trolls
  3 polar bears
  A hornet (D:10)
  A queen bee (D:9)
  A snapping turtle (Lair:4)
  6 blink frogs
  9 dream sheep
  A slime creature (D:12)
  50 yaks
  A shadow (D:10)
  6 spriggans (Lair:1)
  A wraith (D:9)
  A wyvern (Lair:4)
  A basilisk (Lair:5)
  3 steam dragons
  11 vampire mosquitoes
  4 acid dragons
  4 wargs (Orc:1)
  18 water moccasins
  2 ice beasts
  21 orc warriors
  2 sky beasts
  5 black bears
  25 ogres
  15 wolves
  8 centaurs
  9 kobold brigands (D:9)
  9 bullfrogs
  A gnoll sergeant (D:10)
  A scorpion (D:6)
  A hornet simulacrum (D:8)
  26 killer bees (D:9)
  A wight (D:10)
  4 howler monkeys
  3 vampire bats (Lair:5)
  4 electric eels
  5 centaur zombies
  A human zombie (Ossuary)
  3 hounds
  15 orc priests
  2 bullfrog skeletons (D:5)
  2 iguanas (D:4)
  A scorpion zombie (D:5)
  20 orc wizards
  2 hell rats (Lair:3)
  A centaur simulacrum (D:8)
  A hound skeleton (D:4)
  3 mummies
  2 howler monkey zombies
  A howler monkey skeleton (D:4)
  3 adders
  3 river rats (Lair:3)
  3 white imps (D:8)
  2 howler monkey simulacra (D:8)
  2 ufetubi
  3 adder zombies (Ossuary)
  A dart slug (D:1)
  55 orcs
  7 ball pythons
  10 bats
  7 endoplasms
  A giant cockroach (D:1)
  9 goblins
  6 hobgoblins
  4 jackals (D:1)
  12 kobolds
  5 quokkas
  5 goblin zombies
  8 hobgoblin zombies (Ossuary)
  A jackal zombie (Ossuary)
  6 kobold zombies (Ossuary)
  12 orc zombies (Ossuary)
  15 rats
  2 rat zombies (Ossuary)
600 creatures vanquished.

Vanquished Creatures (collateral kills)
  3 two-headed ogres
  3 yaks (Lair:1)
  An ogre (Orc:1)
  A bullfrog (Lair:1)
  A rat (Lair:3)
9 creatures vanquished.

Vanquished Creatures (others)
  An ugly thing (D:8)
  A slime creature (D:8)
  A swamp worm (shapeshifter) (D:8)
  A wight (D:8)
  A centaur simulacrum (D:9)
  An orc (D:8)
  23 fungi
  71 plants
100 creatures vanquished.

Grand Total: 709 creatures vanquished

Notes
Turn   | Place    | Note
-------+----------+-------------------------------------------
     0 | D:1      | Woods the Gnoll Transmuter began the quest for the Orb.
     0 | D:1      | Reached XP level 1. HP: 17/17 MP: 6/6
    86 | D:1      | Reached XP level 2. HP: 19/23 MP: 7/7
   105 | D:1      | Learned a level 2 spell: Wereblood
   344 | D:1      | Reached XP level 3. HP: 28/28 MP: 5/9
   348 | D:1      | Reached skill level 5 in Spellcasting
   628 | D:1      | Reached skill level 1 in Invocations
  1040 | D:2      | Reached skill level 1 in Short Blades
  1040 | D:2      | Reached skill level 1 in Long Blades
  1040 | D:2      | Reached skill level 1 in Axes
  1040 | D:2      | Reached skill level 1 in Maces & Flails
  1040 | D:2      | Reached skill level 1 in Polearms
  1040 | D:2      | Reached skill level 1 in Staves
  1040 | D:2      | Reached skill level 1 in Slings
  1040 | D:2      | Reached skill level 1 in Bows
  1040 | D:2      | Reached skill level 1 in Crossbows
  1040 | D:2      | Reached skill level 1 in Throwing
  1040 | D:2      | Reached skill level 1 in Armour
  1040 | D:2      | Reached skill level 1 in Stealth
  1040 | D:2      | Reached skill level 1 in Shields
  1040 | D:2      | Reached skill level 1 in Evocations
  1040 | D:2      | Reached XP level 4. HP: 14/34 MP: 11/11
  1887 | D:2      | Learned a level 3 spell: Spider Form
  1891 | D:2      | Learned a level 3 spell: Vampiric Draining
  2361 | D:3      | Found a broken altar of Ashenzari.
  2364 | D:3      | Became a worshipper of Ashenzari the Shackled
  2420 | D:3      | Noticed a black bear
  2446 | D:3      | Killed a black bear
  2447 | D:3      | Reached skill level 1 in Conjurations
  2447 | D:3      | Reached skill level 1 in Hexes
  2447 | D:3      | Reached skill level 1 in Summonings
  2447 | D:3      | Reached skill level 1 in Necromancy
  2447 | D:3      | Reached skill level 1 in Translocations
  2447 | D:3      | Reached skill level 1 in Fire Magic
  2447 | D:3      | Reached skill level 1 in Ice Magic
  2447 | D:3      | Reached skill level 1 in Air Magic
  2447 | D:3      | Reached skill level 1 in Earth Magic
  2447 | D:3      | Reached skill level 1 in Poison Magic
  2447 | D:3      | Reached XP level 5. HP: 32/41 MP: 5/12
  3263 | D:4      | Found a shadowy altar of Dithmenos.
  3263 | D:4      | Found a sparkling altar of Nemelex Xobeh.
  3284 | D:4      | Reached XP level 6. HP: 42/47 MP: 11/13
  4006 | D:4      | Reached skill level 5 in Dodging
  4232 | D:4      | Identified the ring of Foolhardiness {*Slow rC+ Will+
                  | Int+5}
  4449 | D:4      | Identified the cursed +0 pair of gloves of the Mantic
                  | Ordeal {Elem, Alch} (You found it on level 1 of the
                  | Dungeon)
  4746 | D:5      | Entered Level 5 of the Dungeon
  4746 | D:5      | Found a staircase to the Ecumenical Temple.
  4761 | Temple   | Entered the Ecumenical Temple
  5006 | D:5      | Noticed an acid dragon
  5211 | D:5      | Reached XP level 7. HP: 51/52 MP: 11/15
  5359 | D:5      | Reached skill level 7 in Unarmed Combat
  5703 | D:5      | Found a large runed translucent door.
  5703 | D:5      | Found a large runed translucent door.
  5705 | D:5      | Noticed valliere's ghost (amateur HOFi)
  5766 | D:5      | Found a snail-covered altar of Cheibriados.
  5882 | D:6      | You fall into a shaft and drop 3 floors!
  5995 | D:8      | Reached XP level 8. HP: 33/60 MP: 14/16
  6025 | D:8      | Found a sand-covered staircase.
  6033 | Ossuary  | Entered an ossuary
  6514 | D:7      | Found Gaut's Weapon Shoppe.
  7069 | D:6      | Learned a level 4 spell: Ice Form
  7692 | D:7      | Reached skill level 5 in Transmutations
  7692 | D:7      | Reached XP level 9. HP: 44/66 MP: 14/18
  7834 | D:7      | Reached * piety under Ashenzari
  7994 | D:7      | Identified the cursed +0 hat of the Shackled Anxiety {Cun,
                  | Self} (You found it on level 6 of the Dungeon)
  8189 | D:7      | Found a shimmering blue altar of Sif Muna.
  8572 | D:8      | Noticed Joseph
  8999 | D:8      | Noticed a polar bear
  9019 | D:8      | Killed a polar bear
  9020 | D:8      | Reached skill level 5 in Fighting
  9239 | D:8      | Found a sacrificial altar of Ru.
  9274 | D:8      | Reached skill level 5 in Short Blades
  9274 | D:8      | Reached skill level 5 in Long Blades
  9274 | D:8      | Reached skill level 5 in Axes
  9274 | D:8      | Reached skill level 5 in Maces & Flails
  9274 | D:8      | Reached skill level 5 in Polearms
  9274 | D:8      | Reached skill level 5 in Staves
  9274 | D:8      | Reached skill level 5 in Slings
  9274 | D:8      | Reached skill level 5 in Bows
  9274 | D:8      | Reached skill level 5 in Crossbows
  9274 | D:8      | Reached skill level 5 in Throwing
  9274 | D:8      | Reached skill level 5 in Armour
  9274 | D:8      | Reached skill level 5 in Stealth
  9274 | D:8      | Reached skill level 5 in Shields
  9274 | D:8      | Reached skill level 9 in Unarmed Combat
  9274 | D:8      | Reached skill level 5 in Evocations
  9274 | D:8      | Reached XP level 10. HP: 79/79 MP: 20/22
  9275 | D:8      | Reached skill level 5 in Conjurations
  9275 | D:8      | Reached skill level 5 in Hexes
  9275 | D:8      | Reached skill level 5 in Summonings
  9275 | D:8      | Reached skill level 5 in Necromancy
  9275 | D:8      | Reached skill level 5 in Translocations
  9275 | D:8      | Reached skill level 5 in Fire Magic
  9275 | D:8      | Reached skill level 5 in Ice Magic
  9275 | D:8      | Reached skill level 5 in Air Magic
  9275 | D:8      | Reached skill level 5 in Earth Magic
  9275 | D:8      | Reached skill level 5 in Poison Magic
  9275 | D:8      | Reached XP level 11. HP: 86/86 MP: 20/24
  9449 | D:8      | Noticed a two-headed ogre
  9449 | D:8      | Identified the +4 ring mail of Pafagud {Harm rN+ Stlth-}
  9450 | D:8      | Noticed a brown ugly thing
  9450 | D:8      | Noticed a centaur warrior
  9460 | D:8      | Noticed a fire crab
  9460 | D:8      | Noticed a tengu warrior
  9484 | D:8      | Learned a level 1 spell: Apportation
  9588 | D:8      | Killed a brown ugly thing
  9615 | D:8      | Noticed a boulder beetle
  9638 | D:8      | Killed a boulder beetle
 10069 | D:9      | Noticed a two-headed ogre
 10097 | D:9      | Killed a two-headed ogre
 10098 | D:9      | Reached XP level 12. HP: 63/92 MP: 22/24
 10413 | D:9      | Found a staircase to the Orcish Mines.
 10600 | D:9      | Noticed a three-headed hydra
 10614 | D:9      | Killed a three-headed hydra
 10691 | D:9      | Found a staircase to the Lair.
 10812 | D:9      | Noticed a four-headed hydra
 10822 | D:9      | Killed a four-headed hydra
 10823 | D:9      | Reached skill level 10 in Unarmed Combat
 10825 | D:9      | Noticed a centaur warrior
 10828 | D:9      | Identified the +8 rapier "Nefebboh" {antimagic, Dex+3}
 10837 | D:9      | Killed a centaur warrior
 11420 | D:9      | Noticed a two-headed ogre
 11436 | D:9      | Killed a two-headed ogre
 11522 | D:9      | Reached ** piety under Ashenzari
 11790 | D:9      | Noticed a tengu warrior
 12069 | D:10     | Entered Level 10 of the Dungeon
 12090 | D:10     | Learned a level 5 spell: Blade Hands
 12097 | D:10     | Learned a level 6 spell: Iron Shot
 12243 | D:10     | Identified a scroll of acquirement
 12250 | D:10     | Acquired the ring of Bitzoekusk {rCorr Int+5 Dex+4}
 12278 | D:10     | Identified the +0 ring mail of Love and Death {SInv}
 12323 | D:10     | Noticed a two-headed ogre
 12359 | D:10     | Killed a two-headed ogre
 12439 | D:10     | Found a radiant altar of Vehumet.
 12853 | D:10     | Identified the cursed +0 steam dragon scales "Doubts of
                  | Ashenzari" {Alch, Melee} (You found it on level 6 of the
                  | Dungeon)
 12875 | D:10     | Noticed a two-headed ogre
 12901 | D:10     | Noticed a two-headed ogre
 12960 | D:10     | Killed a two-headed ogre
 12975 | D:10     | Killed a two-headed ogre
 12976 | D:10     | Reached XP level 13. HP: 18/99 MP: 26/26
 13685 | D:11     | Found Jisoeg's General Store.
 14230 | D:11     | Found Pyuts's General Store.
 14237 | D:11     | Bought a scroll of magic mapping for 56 gold pieces
 14338 | D:11     | Found Nihyeczu's Antique Armour Shop.
 14536 | D:11     | Reached *** piety under Ashenzari
 14541 | D:11     | Found Baseunon's Book Emporium.
 14547 | D:11     | Bought the Papyrus of Igneous Summoning for 240 gold pieces
 14554 | D:11     | Learned a level 6 spell: Summon Cactus Giant
 14714 | D:12     | Noticed Maurice
 14921 | Lair:1   | Entered Level 1 of the Lair of Beasts
 14934 | Lair:1   | Reached skill level 10 in Spellcasting
 15357 | Lair:1   | Reached skill level 10 in Dodging
 15357 | Lair:1   | Reached skill level 11 in Unarmed Combat
 16303 | Lair:2   | Reached XP level 14. HP: 108/108 MP: 24/28
 16349 | Lair:2   | Identified the +8 rapier "Noamey" {spect, rElec rC+ rCorr
                  | Str-4}
 16843 | Lair:3   | Found a staircase to the Snake Pit.
 16844 | Lair:3   | Noticed Nergalle
 16857 | Lair:3   | Killed Nergalle
 17094 | Lair:3   | Identified the +2 helmet of Woaq {Rampage Will+ Int-5 Dex+2
                  | Stlth+}
 17220 | Lair:3   | Reached **** piety under Ashenzari
 17278 | Lair:3   | Reached skill level 10 in Invocations
 18431 | Lair:4   | Found a staircase to the Shoals.
 18862 | Lair:5   | Found a staircase to the Slime Pits.
 18862 | Lair:5   | Found a viscous altar of Jiyva.
 19469 | Lair:6   | Entered Level 6 of the Lair of Beasts
 19658 | Lair:6   | Reached skill level 10 in Fighting
 19958 | Orc:1    | Entered Level 1 of the Orcish Mines
 20627 | Orc:2    | Entered Level 2 of the Orcish Mines
 20784 | Orc:2    | Found Lyot's Weapon Shoppe.
 21196 | D:8      | Learned a level 2 spell: Passwall
 21303 | D:8      | Learned a level 6 spell: Statue Form
 21786 | Orc:1    | Reached XP level 15. HP: 112/120 MP: 27/31
 22108 | Orc:2    | Reached skill level 10 in Short Blades
 22108 | Orc:2    | Reached skill level 10 in Long Blades
 22108 | Orc:2    | Reached skill level 10 in Axes
 22108 | Orc:2    | Reached skill level 10 in Maces & Flails
 22108 | Orc:2    | Reached skill level 10 in Polearms
 22108 | Orc:2    | Reached skill level 10 in Staves
 22108 | Orc:2    | Reached skill level 10 in Slings
 22108 | Orc:2    | Reached skill level 10 in Bows
 22108 | Orc:2    | Reached skill level 10 in Crossbows
 22108 | Orc:2    | Reached skill level 10 in Throwing
 22108 | Orc:2    | Reached skill level 10 in Armour
 22108 | Orc:2    | Reached skill level 10 in Stealth
 22108 | Orc:2    | Reached skill level 10 in Shields
 22108 | Orc:2    | Reached skill level 10 in Evocations
 22137 | Orc:2    | Paralysed by an ogre mage for 3 turns
 22601 | Orc:1    | Reached skill level 12 in Unarmed Combat
 22956 | Orc:2    | Found Huow's Magic Scroll Emporium.
 22956 | Orc:2    | Found Dyops's Distillery.
 22957 | Orc:2    | Found Pulirr's Weapon Boutique.
 22957 | Orc:2    | Found Roffaz's Jewellery Emporium.
 23128 | Orc:2    | Bought a scroll of magic mapping for 59 gold pieces
 23128 | Orc:2    | Bought a scroll of magic mapping for 59 gold pieces
 23128 | Orc:2    | Bought a scroll of amnesia for 59 gold pieces
 23128 | Orc:2    | Bought a scroll of teleportation for 51 gold pieces
 23128 | Orc:2    | Bought a scroll of fear for 59 gold pieces
 23130 | Orc:2    | Bought a potion of magic for 144 gold pieces
 23130 | Orc:2    | Bought a potion of curing for 54 gold pieces
 23130 | Orc:2    | Bought a potion of curing for 54 gold pieces
 23130 | Orc:2    | Bought a potion of invisibility for 144 gold pieces
 23130 | Orc:2    | Bought 2 potions of brilliance for 144 gold pieces
 23248 | Orc:2    | Found a staircase to the Elven Halls.
 23303 | Orc:2    | Found a transporter.
 23311 | Orc:2    | Found a transporter.
 23329 | Orc:2    | Noticed crimpus's ghost (journeyman MiFi)
 23329 | Orc:2    | Identified the +3 great mace "Tormentor" {freeze, Str-3
                  | Int+6}
 23329 | Orc:2    | Identified the +5 great mace "Siezxos" {vorpal, Fragile rF+
                  | rCorr Int+4 SInv}
 23921 | D:12     | Found Duho's Magic Scroll Shop.
 23926 | D:12     | Bought a scroll of teleportation for 33 gold pieces
 23926 | D:12     | Bought 3 scrolls of teleportation for 99 gold pieces
 24108 | D:12     | Killed Maurice
 24316 | D:12     | Found Etsege's Armour Shoppe.
 25360 | D:12     | Slain by a titanic slime creature

Illustrated notes

Levels and vault maps discovered:
D:1:      amcnicky_arrival_feature_with_door, layout_basic,
          kennysheep_pointless_box, chequers_serial_rivers_small_b,
          serial_bayou_lagoon_b
D:2:      layout_basic
D:3:      layout_basic, ashenzari_conservatory_becter
D:4:      layout_rooms, gammafunk_temple_overflow_elements
D:5:      layout_rooms, mainiacjoe_overflow_alcove_2,
          minmay_temple_entry_drinking_statues, ebering_ghost_disaster_area
D:6:      layout_cave_pods
D:7:      layout_loops_corners, led_sif_pool, serial_shops,
          nicolae_shop_bloodbath_and_beyond
D:8:      layout_loops_ring, kennysheep_little_box, serial_ice, serial_ice_i,
          serial_ice_g, serial_ice_c, serial_ice_f, nicolae_ossuary_entry_giza,
          minivault_12, uniq_joseph, uniq_harold
D:9:      minmay_the_grid_octo_2x2 [minmay_the_grid_octo_clover_2,
          minmay_the_grid_octo_focus, minmay_the_grid_octo_pinwheel,
          minmay_the_grid_octo_prize_ultimate_mussel_roller],
          layout_loops_corners, dpeg_oklobed_lair, david_orc_5, special_room
          [special_room_bee], hangedman_ranch
D:10:     layout_basic, vehumet_crystals, hangedman_abyss_or_decor_clamps,
          kennysheep_kite_vault
D:11:     layout_loops_ring, serial_shops, nicolae_stop_n_shop_1, shop, shop,
          kennysheep_mini, minmay_fractal_squares_5
D:12:     layout_long_grid, serial_shops, shop, nicolae_shop_hallway_plus,
          nicolae_elevator_lobby_plus, uniq_maurice
D:13:     evilmike_library_of_no_secrets, layout_cave_pools,
          gammafunk_ghost_arena, uniq_snorg
Temple:   regret_index_temple_generic_petals
Lair:1:   layout_gridlike, wad_woods_01
Lair:2:   layout_loops_ring, infiniplex_staircase_pool_2, serial_bayou_shore_b
Lair:3:   layout_chaotic_city, minmay_snake_entry_six_corridors,
          kennysheep_abandoned_house, lemuel_fruit_tree, uniq_nergalle
Lair:4:   layout_regular_city, minmay_shoals_entry_hut
Lair:5:   layout_long_grid, slime_altar_1, roderic_batcave, serial_bayou_shore_b
Lair:6:   minmay_lair_end_frog_pond, layout_regular_city,
          chequers_serial_rivers_micro_c, nicolae_quartered_pool_little,
          minivault_24
Orc:1:    layout_caves, nooodl_orcs_dogs
Orc:2:    st_orc_ogre_mass, layout_caves, serial_shops, shop,
          gammafunk_ghost_smash

Skill      XL: |  1  2  3  4  5  6  7  8  9 10 11 12 13 14 15 |
---------------+----------------------------------------------+-----
Spellcasting   | 5 6 7 8 9 10 11 | 11.5
Invocations    | 1 2 3 4 6 7 8 9 10 11 | 11.2
Short Blades   | 1 2 3 5 6 7 8 9 10 | 10.3
Long Blades    | 1 2 3 5 6 7 8 9 10 | 10.3
Axes           | 1 2 3 5 6 7 8 9 10 | 10.3
Maces & Flails | 1 2 3 5 6 7 8 9 10 | 10.3
Polearms       | 1 2 3 5 6 7 8 9 10 | 10.3
Staves         | 1 2 3 5 6 7 8 9 10 | 10.3
Slings         | 1 2 3 5 6 7 8 9 10 | 10.3
Bows           | 1 2 3 5 6 7 8 9 10 | 10.3
Crossbows      | 1 2 3 5 6 7 8 9 10 | 10.3
Throwing       | 1 2 3 5 6 7 8 9 10 | 10.3
Armour         | 1 2 3 5 6 7 8 9 10 | 10.3
Stealth        | 1 2 3 5 6 7 8 9 10 | 10.3
Shields        | 1 2 3 5 6 7 8 9 10 | 10.3
Evocations     | 1 2 3 5 6 7 8 9 10 | 10.3
Fighting       | 3 4 6 7 8 9 10 | 10.7
Conjurations   | 1 2 3 4 5 6 7 8 |  8.7
Hexes          | 1 2 3 4 5 6 7 8 |  8.7
Summonings     | 1 2 3 4 5 6 7 8 |  8.7
Necromancy     | 1 2 3 4 5 6 7 8 |  8.7
Translocations | 1 2 3 4 5 6 7 8 |  8.7
Fire Magic     | 1 2 3 4 5 6 7 8 |  8.7
Ice Magic      | 1 2 3 4 5 6 7 8 |  8.7
Air Magic      | 1 2 3 4 5 6 7 8 |  8.7
Earth Magic    | 1 2 3 4 5 6 7 8 |  8.7
Poison Magic   | 1 2 3 4 5 6 7 8 |  8.7
Transmutations | 4 5 6 7 8 9 |  9.5
Dodging        | 5 6 7 8 9 10 11 | 11.3
Unarmed Combat | 7 9 10 11 12 | 12.2

Action                   |  1- 3 |  4- 6 |  7- 9 | 10-12 | 13-15 || total
-------------------------+-------+-------+-------+-------+-------++-------
Melee: Unarmed           |    82 |   130 |   294 |   514 |  1011 ||  2031
       Punch             |     1 |     5 |     2 |     2 |    17 ||    27
       Headbutt          |    10 |     7 |     6 |       |       ||    23
       Kick              |     8 |    15 |    14 |       |       ||    37
       Bite              |     5 |    13 |     9 |     5 |    36 ||    68
 Cast: Beastly Appendage |    13 |    20 |     4 |       |       ||    37
       Wereblood         |     3 |       |     8 |     4 |     7 ||    22
       Spider Form       |       |    10 |    32 |    42 |    16 ||   100
       Ice Form          |       |       |       |    10 |    58 ||    68
       Vampiric Draining |       |       |       |     2 |       ||     2
       Blade Hands       |       |       |       |     8 |     5 ||    13
       Summon Cactus Gia |       |       |       |       |     5 ||     5
       Iron Shot         |       |       |       |       |     4 ||     4
       Statue Form       |       |       |       |       |    37 ||    37
       Passwall          |       |       |       |       |     2 ||     2
       Apportation       |       |       |       |       |     1 ||     1
Invok: Curse Item        |       |     1 |     1 |     2 |     3 ||     7
       Shatter the Chain |       |       |       |       |     1 ||     1
 Abil: End Transformatio |       |     1 |     4 |    10 |    20 ||    35
  Use: Scroll            |       |     3 |     7 |     4 |     6 ||    20
       Potion            |       |       |     1 |     2 |     4 ||     7
 Stab: Sleeping          |     1 |     1 |     4 |       |    14 ||    20
       Distracted        |       |       |       |       |     4 ||     4
Armor: Robe              |    17 |    13 |     6 |       |       ||    36
       Skin              |       |     3 |    12 |    50 |   319 ||   384
       Steam dragon scal |       |       |     4 |     5 |     1 ||    10
Dodge: Dodged            |    63 |   112 |   263 |   408 |  1054 ||  1900
Block: Other             |       |       |       |       |    85 ||    85
       Reflection        |       |       |       |       |    14 ||    14
